 Dungeon Crawl Stone Soup version 0.27-a0-1136-g0b992a5a9d (webtiles) character file.

Game seed: 4292524469376971212

1 1player the Skirmisher (level 1, 0/24 HPs)
             Began as an Ogre Delver on May 4, 2021.
             Slain by an ufetubus (1 damage)
             ... on level 4 of the Dungeon.
             The game lasted 00:01:17 (228 turns).

1player the Skirmisher (Ogre Delver)                 Turns: 228, Time: 00:01:18

Health: 0/24       AC:  3    Str: 15    XL:     1   Next: 20%
Magic:  1/1        EV:  9    Int: 11    God:
Gold:   28         SH:  0    Dex: 10    Spells: 0/0 levels left

rFire    . . .     SeeInvis .   a - +0 hand axe
rCold    . . .     Faith    .   (no shield)
rNeg     . . .     Spirit   .   b - +0 robe
rPois    .         Reflect  .   (helmet restricted)
rElec    .         Harm     .   (no cloak)
rCorr    .         Rampage  .   (gloves unavailable)
Will     .....                  (boots unavailable)
Stlth    ++........             (no amulet)
HPRegen  0.08/turn              (no ring)
MPRegen  0.07/turn              (no ring)

@: no status effects
A: large, unfitting armour, tough skin 1
a: no special abilities


You were on level 4 of the Dungeon.
You visited 1 branch of the dungeon, and saw 2 of its levels.

You collected 28 gold pieces.

Inventory:

Hand Weapons
 a - a +0 hand axe (weapon)
Armour
 b - a +0 robe (worn)
Wands
 g - a wand of digging (3)
Scrolls
 c - a scroll of fog
 d - a scroll of magic mapping
 e - 2 scrolls of fear
Potions
 f - a potion of haste


   Skills:
 + Level 4.0 Fighting
 + Level 2.0 Axes
 - Level 1.7 Dodging
 - Level 3.7 Stealth


You couldn't memorise any spells.
You didn't know any spells.
Your spell library was empty.

Dungeon Overview and Level Annotations

Branches:
Dungeon (5/15)
 Temple: D:4-7

Altars:


Innate Abilities, Weirdness & Mutations

You are too large for most types of armour.
You have tough skin. (AC +1)


Message History

The quokka barely misses you.
You hit the quokka.
You kill the quokka!
No target in view!
You see here a quokka corpse.
You now have 28 gold pieces (gained 14).
An ufetubus comes into view.
A hound skeleton comes into view.
You see here a quokka corpse.
There is a stone staircase leading down here.
Press: ? - help, v - describe, . - travel
Here: an ufetubus The floor.
The ufetubus hits you. The ufetubus barely misses you.
You barely miss the ufetubus. The ufetubus hits you. x2
The ufetubus closely misses you. The ufetubus barely misses you.
You hit the ufetubus.
The ufetubus is heavily wounded.
The ufetubus closely misses you. The ufetubus hits you.
You closely miss the ufetubus.
The ufetubus is heavily wounded.
The ufetubus barely misses you. x3; The ufetubus hits you.
You miss the ufetubus.
The ufetubus is heavily wounded.
The ufetubus closely misses you. The ufetubus hits you.
The ufetubus hits you but does no damage. x2
You barely miss the ufetubus.
The ufetubus is heavily wounded.
The ufetubus barely misses you. The ufetubus completely misses you.
The ufetubus hits you but does no damage.
The ufetubus hits you.
* * * LOW HITPOINT WARNING * * *
You closely miss the ufetubus.
The ufetubus is heavily wounded.
The ufetubus closely misses you. The ufetubus hits you.
* * * LOW HITPOINT WARNING * * *
The ufetubus hits you.
* * * LOW HITPOINT WARNING * * *
The ufetubus hits you.
You die...

......##.......... .
...............##...#
................#....
.....#.#............
..5. ####.........#
... ##......##.# . ##
####.......#..# ...
#.............#.....
...........5@.......
#................##.
................##
................#
.#..............#
##[.#.........##
#..#...........
...............


You could see an ufetubus.

Vanquished Creatures
  A quokka (D:4)
1 creature vanquished.

Notes
Turn   | Place    | Note
-------+----------+-------------------------------------------
     0 | D:5      | 1player the Ogre Delver began the quest for the Orb.
     0 | D:5      | Reached XP level 1. HP: 24/24 MP: 1/1
   112 | D:5      | Noticed a phantom
   228 | D:4      | HP: 1/24 [ufetubus (1)]
   228 | D:4      | Slain by an ufetubus

Illustrated notes

Levels and vault maps discovered:
D:4:      layout_cave_pools, nicolae_uskayaw_en_pointe, serial_shops,
          shop_statue, minivault_5
D:5:      layout_basic, uniq_menkaure, uniq_eustachio, uniq_pikel

Action                   || total
-------------------------++-------
Melee: Hand axe          ||    11
Armor: Robe              ||     5
Dodge: Dodged            ||    15

Table legend: (Time is in decaauts)
 A = Elapsed time spent in this place.
 B = Non-inter-level travel time spent in this place.
 C = Inter-level travel time spent in this place.
 D = Time resting spent in this place.
 E = Time spent auto-exploring this place.
 F = Levels seen in this place.
 G = Mean time per level.
                   A        B        C        D        E       F      G
               +--------+--------+--------+--------+--------+-----+--------+
         Total |    230 |    189 |     41 |      0 |      0 |   2 |  115.0 |
       Dungeon |    230 |    189 |     41 |      0 |      0 |   2 |  115.0 |
               +--------+--------+--------+--------+--------+-----+--------+

Top non-repeatable levels by time:
     D:5: 178 daAuts
     D:4: 51 daAuts
